 Dungeon Crawl Stone Soup version 0.29-a0-284-gf9362112df (webtiles) character file.

Game seed: 2282950994064201883

194 mistaj the Skirmisher (level 5, 0/29 HPs)
             Began as a Vine Stalker Fighter on Mar 20, 2022.
             Slain by an ogre
             ... wielding a +0 giant club
              (22 damage)
             ... on level 3 of the Dungeon.
             The game lasted 00:05:03 (2709 turns).

mistaj the Skirmisher (Vine Stalker Fighter)        Turns: 2709, Time: 00:05:03

Health: 0/29       AC: 12    Str: 21    XL:     5   Next: 73%
Magic:  0/6        EV:  5    Int:  8    God:
Gold:   105        SH: 10    Dex: 13    Spells: 4/4 levels left

rFire   . . .      SeeInvis .   b - +2 whip (flame)
rCold   . . .      Faith    .   c - +0 buckler
rNeg    . . .      Spirit   +   o - +0 plate armour
rPois   .          Reflect  +   p - +0 helmet
rElec   .          Harm     .   (no cloak)
rCorr   .          Rampage  .   (no gloves)
Will    .....                   (no boots)
Stlth   ..........              l - amulet of reflection
HPRegen 0.89/turn               (no ring)
MPRegen 0.10/turn               (no ring)

@: no status effects
A: fangs 2, regeneration 1, magic shield, antimagic bite, no potion heal 2
a: no special abilities


You were on level 3 of the Dungeon.
You visited 1 branch of the dungeon, and saw 4 of its levels.

You collected 105 gold pieces.

Inventory:

Hand Weapons
 a - a +0 rapier
 b - a +2 whip of flaming (weapon)
Armour
 c - a +0 buckler (worn)
 o - a +0 plate armour (worn)
 p - a +0 helmet (worn)
Jewellery
 k - a ring of fire
 l - an amulet of reflection (around neck)
Scrolls
 f - 2 scrolls of immolation {unknown}
 g - a scroll of blinking {unknown}
 h - 3 scrolls of identify {unknown}
 i - 2 scrolls of fear {unknown}
 j - 2 scrolls of teleportation {unknown}
 r - a scroll of holy word {unknown}
Potions
 d - a potion of might
 e - a potion of degeneration {unknown}
 m - 2 potions of attraction {unknown}
 n - 2 potions of curing {unknown}
 q - a potion of haste {unknown}
 s - a potion of flight {unknown}
 t - a potion of lignification {unknown}


   Skills:
 + Level 4.1 Fighting
 - Level 3.4 Short Blades
 - Level 2.4 Armour
 + Level 3.5 Shields


You had 4 spell levels left.
You didn't know any spells.
Your spell library contained the following spells:

 Spells                   Type           Power      Damage    Failure   Level
 Foxfire                  Conj/Fire      0%         2x1d4     100%        1
 Conjure Flame            Conj/Fire      0%         6-21      100%        3
 Inner Flame              Hex/Fire       0%         N/A       100%        3
 Flame Wave               Conj/Fire      0%         2d4       100%        4


Dungeon Overview and Level Annotations

Branches:
Dungeon (4/15)
 Temple: D:4-7

Altars:

Shops:
D:1 :


Innate Abilities, Weirdness & Mutations

You have extremely sharp teeth.
Your natural rate of healing is unusually fast.
When hurt, damage is shared between your health and your magic reserves.
Your bite disrupts and absorbs the magic of your enemies.
Potions cannot restore your health.


Message History

You climb downwards.
There is a stone staircase leading up here.
Done exploring.
Things that are here:
a +0 ring mail; a +1 vorpal hand axe
There is a stone staircase leading down here.
You climb downwards.
There is a stone staircase leading up here.
A kobold comes into view. It is wielding a +0 short sword.
The kobold shouts!
You hit the kobold. You burn the kobold.
You kill the kobold!
No target in view!
No target in view!
Things that are here:
a +0 short sword; a kobold corpse
Found a stone staircase leading up.
There is a stone staircase leading up here.
An ogre comes into view. It is wielding a +0 giant club.
The ogre shouts!
There is a stone staircase leading up here.
You block the ogre's attack.
You climb upwards.
There is a stone staircase leading down here.
You barely miss the ogre. You bite the ogre. You drain its power.
The ogre is lightly wounded.
You barely miss the ogre. You bite the ogre. You drain its power.
The ogre is lightly wounded.
The ogre hits you with a +0 giant club!!
Ouch! That really hurt!
You barely miss the ogre. You bite the ogre. You drain its power.
You feel invigorated.
The ogre is moderately wounded.
The ogre barely misses you.
You hit the ogre but do no damage. You bite the ogre. You drain its power.
The ogre is moderately wounded.
You block the ogre's attack.
The ogre hits you with a +0 giant club!!
Ouch! That really hurt!
You die...

###############
#..O@.........#
##.###########.#
##...## #.#
##.#.#.## #†#
##.##.##.####
#.#
#.#.........#
#.#
##..#.##.##.#
##.#######
##.#>#.###.#
#.........
#....## #.#
#..#######


You could see an ogre.

Vanquished Creatures
  Terence (D:3)
  Robin (D:3)
  3 gnolls
  6 adders
  A worm (D:2)
  2 dart slugs (D:1)
  4 endoplasms
  4 giant cockroaches
  10 goblins (D:3)
  9 hobgoblins
  4 quokkas
  5 ball pythons
  9 bats
  2 frilled lizards
  4 kobolds
  4 rats
69 creatures vanquished.

Notes
Turn   | Place    | Note
-------+----------+-------------------------------------------
     0 | D:1      | mistaj the Vine Stalker Fighter began the quest for the
                  | Orb.
     0 | D:1      | Reached XP level 1. HP: 11/11 MP: 2/2
   523 | D:1      | Reached XP level 2. HP: 16/16 MP: 3/3
   680 | D:1      | Found Iwen's Book Shop.
   696 | D:1      | Reached skill level 3 in Fighting
   960 | D:2      | Reached XP level 3. HP: 20/20 MP: 4/4
  1136 | D:2      | Found a faded altar of an unknown god.
  1384 | D:2      | Gained mutation: Your natural rate of healing is unusually
                  | fast. [Vine Stalker growth]
  1384 | D:2      | Reached XP level 4. HP: 23/24 MP: 3/5
  1689 | D:3      | Noticed Terence
  1698 | D:3      | Killed Terence
  1851 | D:2      | Reached XP level 5. HP: 25/29 MP: 4/6
  2040 | D:3      | Noticed Robin
  2078 | D:3      | Reached skill level 4 in Fighting
  2093 | D:3      | Killed Robin
  2681 | D:4      | Noticed an ogre
  2709 | D:3      | Slain by an ogre

Illustrated notes

Levels and vault maps discovered:
D:1:      dpeg_arrival_line_fractal, layout_loops_ring, serial_shops,
          shop_fountains, serial_park_tiny_2
D:2:      layout_rooms, dreamdust_ecumenical_altar_angels_and_demons
D:3:      layout_loops_ring, uniq_terence, uniq_robin
D:4:      layout_basic, minmay_temple_entry_junction, grunt_ministairs_14

Skill      XL: |  1  2  3  4  5 |
---------------+----------------+-----
Short Blades   | 2 3 |  3.4
Fighting       | 3 4 |  4.1
Shields        | 3 |  3.5
Armour         | |  2.4

Action                   |  1- 3 |  4- 6 || total
-------------------------+-------+-------++-------
Melee: Hand axe          |    76 |    45 ||   121
       Bite              |     9 |    29 ||    38
       Whip              |       |    60 ||    60
Armor: Scale mail        |    40 |     5 ||    45
       Plate armour      |       |    29 ||    29
Dodge: Dodged            |    33 |    30 ||    63
Block: Buckler           |    27 |    56 ||    83
       Reflection        |       |     2 ||     2

Table legend: (Time is in decaauts)
 A = Elapsed time spent in this place.
 B = Non-inter-level travel time spent in this place.
 C = Inter-level travel time spent in this place.
 D = Time resting spent in this place.
 E = Time spent auto-exploring this place.
 F = Levels seen in this place.
 G = Mean time per level.
                   A        B        C        D        E       F      G
               +--------+--------+--------+--------+--------+-----+--------+
         Total |   2759 |   2625 |    134 |    455 |   1505 |   4 |  689.8 |
       Dungeon |   2759 |   2625 |    134 |    455 |   1505 |   4 |  689.8 |
               +--------+--------+--------+--------+--------+-----+--------+

Top non-repeatable levels by time:
     D:1: 962 daAuts
     D:3: 881 daAuts
     D:2: 786 daAuts
     D:4: 129 daAuts
